AoeStats
← luzAK-47

Arena

509187788Analyzed
4v4 RM · 7d ago on Sep 25, 2026· 45m 53s· 8 players
Game mode
Random Map
Map size
Large (8 player)
Population
200
Speed
Normal
Resources
Standard
Victory
Conquest
Starting age
Dark Age
Ending age
Imperial Age
RankedLock teamsTeams togetherTeam positionsShared explorationLock speedFull tech treeHidden civsTurbo modeCheats
Victory
Defeat
🇬🇵 Bohemians · Guadeloupe
1231
+13
🇦🇷 Franks · Argentina
1226
+13
🇦🇷 Saracens · Argentina
1097
+18
🇦🇷 Goths · Argentina
1096
+18
🇳🇱 Teutons · Netherlands
1220
-19
🇳🇱 Italians · Netherlands
1169
-29
🇩🇪 Romans · Germany
1124
-14
🇵🇱 Britons · Poland
1100
-13
Lunakik
9:21 Feudal Age
10:42 Wheelbarrow
9:55 Double-Bit Axe
16:59 Castle Age
16:45 Stone Mining
21:17 Horse Collar
23:12 Fletching
24:36 Bow Saw
24:32 Padded Archer Armor
24:54 Gold Mining
25:17 Bodkin Arrow
26:38 Leather Archer Armor
26:32 Crossbowman
30:36 Imperial Age
29:12 Heavy Plow
30:36 Elite Skirmisher
32:28 Chemistry
30:54 Arbalester
32:21 Bracer
33:07 Ballistics
39:55 Thumb Ring
OomAngel
5:18 Loom
11:02 Feudal Age
12:37 Man-at-Arms
16:54 Double-Bit Axe
21:53 Castle Age
20:44 Gold Mining
20:44 Stone Mining
20:39 Horse Collar
22:26 Scale Mail Armor
22:37 Forging
22:19 Fletching
22:50 Squires
23:38 Long Swordsman
25:27 Masonry
25:09 Guard Tower
25:35 Gambesons
25:35 Arson
27:38 Pikeman
30:39 Wheelbarrow
29:50 Town Watch
31:00 Scale Barding Armor
32:37 Ballistics
32:55 Iron Casting
33:45 Bloodlines
35:05 Hand Cart
35:55 Fortified Wall
37:55 Chain Mail Armor
39:05 Chain Barding Armor
38:41 Bodkin Arrow
39:50 Bow Saw
43:24 Imperial Age
40:59 Heavy Plow
45:08 Blast Furnace
44:43 Plate Barding Armor
43:31 Cavalier
45:15 Chemistry
44:20 Siege Engineers
44:28 Halberdier
44:28 Two-Handed Swordsman
luzAK-47
10:45 Feudal Age
14:47 Castle Age
15:03 Loom
15:41 Horse Collar
26:08 Double-Bit Axe
32:25 Imperial Age
31:21 Bow Saw
31:12 Heavy Plow
30:39 Pikeman
30:41 Man-at-Arms
31:43 Gold Mining
31:44 Stone Mining
32:07 Forging
32:32 Fletching
32:43 Padded Archer Armor
33:08 Ballistics
32:34 Elite Skirmisher
32:36 Crossbowman
34:50 Chemistry
33:55 Siege Engineers
33:26 Arbalester
34:38 Yeomen
36:11 Two-Man Saw
35:49 Gold Shaft Mining
35:34 Bodkin Arrow
35:55 Leather Archer Armor
36:14 Warwolf
36:56 Bracer
41:08 Ring Archer Armor
44:35 Long Swordsman
golden Eagle
0:28 Loom
11:17 Feudal Age
15:25 Castle Age
13:09 Horse Collar
16:13 Double-Bit Axe
17:04 Bow Saw
29:19 Imperial Age
27:15 Scale Mail Armor
27:25 Forging
27:35 Pikeman
28:32 Ballistas
29:32 Squires
29:33 Halberdier
30:20 Heavy Scorpion
32:40 Chemistry
32:01 Ballistics
32:31 Siege Engineers
35:37 Chain Mail Armor
36:10 Iron Casting
SULIMAN
9:46 Feudal Age
10:34 Double-Bit Axe
14:55 Castle Age
13:53 Horse Collar
15:59 Bow Saw
16:32 Heavy Plow
21:03 Wheelbarrow
26:34 Imperial Age
24:41 Ballistics
24:19 Fletching
24:29 Padded Archer Armor
25:51 Chemistry
25:21 Bodkin Arrow
25:24 Town Watch
26:10 Leather Archer Armor
25:39 Elite Skirmisher
26:40 Forging
26:35 Scale Barding Armor
26:36 Scale Mail Armor
27:24 Hand Cart
28:33 Bracer
31:02 Iron Casting
30:43 Chain Mail Armor
36:25 Two-Man Saw
35:41 Arson
35:56 Squires
35:17 Pikeman
36:56 Houfnice
38:49 Wagenburg Tactics
38:09 Light Cavalry
38:49 Husbandry
43:05 Ring Archer Armor
43:06 Plate Mail Armor
42:42 Scale Barding Armor
44:21 Masonry
44:17 Siege Engineers
45:15 Blast Furnace
46:29 Architecture
46:11 Fortified Wall
Gorditofelizz
5:20 Loom
9:49 Feudal Age
16:00 Castle Age
16:34 Double-Bit Axe
17:59 Horse Collar
21:39 Gold Mining
33:59 Fortified Wall
35:57 Scale Barding Armor
36:39 Wheelbarrow
38:01 Forging
41:47 Imperial Age
41:26 Gold Shaft Mining
41:53 Capped Ram
43:44 Conscription
42:54 Siege Ram
luchomaffia[ARG]
10:55 Feudal Age
17:24 Castle Age
16:06 Double-Bit Axe
16:04 Horse Collar
24:18 Forging
26:03 Wheelbarrow
28:34 Hand Cart
28:06 Loom
28:31 Heavy Plow
28:55 Hand Cart
28:55 Bow Saw
29:55 Iron Casting
29:22 Scale Mail Armor
30:43 Squires
32:22 Man-at-Arms
32:23 Pikeman
33:06 Anarchy
34:09 Stone Mining
34:10 Gold Mining
33:55 Long Swordsman
36:54 Chain Mail Armor
45:35 Imperial Age
JohnSalchichon
11:28 Feudal Age
12:33 Double-Bit Axe
15:09 Castle Age
18:13 Town Watch
20:18 Bow Saw
26:03 Imperial Age
25:25 Gold Mining
25:44 Husbandry
26:53 Loom
27:44 Wheelbarrow
28:37 Forging
28:33 Scale Barding Armor
30:02 Fletching
30:49 Iron Casting
30:34 Chain Barding Armor
29:52 Cavalier
33:24 Blast Furnace
33:23 Conscription
34:22 Chemistry
35:35 Plate Barding Armor
35:33 Scale Mail Armor
35:08 Paladin
43:42 Ballistics
44:50 Hand Cart
Connection lost

Rejoining the realm…

Still unreachable

The connection could not be restored.

Session expired

The server has moved on; the page needs a fresh start.